[ AOE2 MATCH · #469332867 ]
UnrankedDravidians vs Britons
[ REPLAY ANALYSIS · EXTRACTED FROM THE RECORDED GAME ]
Feudal
10:07
Castle
13:49
Imperial
28:35
| APM avg | 43.5 |
| APM peak | 103 |
| eAPM avg | 27.2 |
| Villagers / military | 157 / 133 |
Focus
⚔️ 34.0% · 🌾 66.0%
Elephant Archer ×84 · Skirmisher ×30 · Bombard Cannon ×10 · Armored Elephant ×8 · Mangonel ×1
Feudal
10:31
Castle
14:18
Imperial
32:32
| APM avg | 41.3 |
| APM peak | 79 |
| eAPM avg | 25.3 |
| Villagers / military | 161 / 300 |
Focus
⚔️ 33.2% · 🌾 66.8%
Militia ×155 · Spearman ×80 · Longbowman ×58 · Monk ×4 · Trebuchet (Packed) ×2 · Mangonel ×1
Feudal
9:15
Castle
12:45
Imperial
34:48
| APM avg | 45.9 |
| APM peak | 86 |
| eAPM avg | 31.0 |
| Villagers / military | 165 / 95 |
Focus
⚔️ 48.0% · 🌾 52.0%
Scorpion ×59 · Scout Cavalry ×20 · Battering Ram ×10 · Mangonel ×3 · Trebuchet (Packed) ×3
Feudal
10:58
Castle
14:29
Imperial
30:54
| APM avg | 38.7 |
| APM peak | 62 |
| eAPM avg | 20.1 |
| Villagers / military | 209 / 216 |
Focus
⚔️ 31.1% · 🌾 68.9%
Samurai ×184 · Spearman ×17 · Trebuchet (Packed) ×8 · Battering Ram ×3 · Monk ×3 · Mangonel ×1
Feudal
11:02
Castle
14:36
Imperial
34:22
| APM avg | 40.7 |
| APM peak | 72 |
| eAPM avg | 19.4 |
| Villagers / military | 135 / 69 |
Focus
⚔️ 26.5% · 🌾 73.5%
Scorpion ×30 · Knight ×23 · Woad Raider ×7 · Battering Ram ×4 · Mangonel ×4 · Spearman ×1
Feudal
11:52
Castle
15:51
Imperial
27:32
| APM avg | 28.5 |
| APM peak | 63 |
| eAPM avg | 18.4 |
| Villagers / military | 142 / 195 |
Focus
⚔️ 29.1% · 🌾 70.9%
Chu Ko Nu ×113 · Skirmisher ×45 · Iron Pagoda ×13 · Spearman ×11 · Fire Lancer ×9 · Trebuchet (Packed) ×4
Feudal
10:32
Castle
14:20
Imperial
33:02
| APM avg | 28.3 |
| APM peak | 59 |
| eAPM avg | 19.1 |
| Villagers / military | 133 / 167 |
Focus
⚔️ 36.7% · 🌾 63.3%
Unknown (1974) ×92 · Spearman ×85 · Militia ×72 · Unknown (1942) ×25 · Unknown (1944) ×17 · Scout Cavalry ×10
Feudal
12:20
Castle
16:02
Imperial
34:37
| APM avg | 44.2 |
| APM peak | 73 |
| eAPM avg | 23.1 |
| Villagers / military | 176 / 265 |
Focus
⚔️ 32.3% · 🌾 67.7%
Militia ×199 · Gbeto ×25 · Mangonel ×24 · Battering Ram ×7 · Petard ×5 · Trebuchet (Packed) ×4
Match map
Initial resources + every placement click. Lines = walls · curves = elevation contours. ◆ gold · ⬟ stone · ● berries · ✦ relic · ◌ wall gap
Your base· ✓ Closed at 13:49 · 0t walls · 3 gate(s)
King Ragnar's base· ✓ Closed at 14:18 · 0t walls · 3 gate(s)
Skyline's base· ✓ Closed at 12:45 · 0t walls · 2 gate(s)
wudihenjimo's base· ✓ Closed at 14:29 · 0t walls · 2 gate(s)
Don's base· ✓ Closed at 14:36 · 0t walls · 3 gate(s)
BYS's base· ✓ Closed at 15:51 · 0t walls · 2 gate(s)
ultimater賢賢's base· ✓ Closed at 14:20 · 0t walls · 2 gate(s)
AI (CD version)'s base· ✓ Closed at 16:02 · 11t walls · 3 gate(s)
Smoothed initial terrain · ◌ = detected wall gap · hover for details
Inputs per minute
— 烨神 - - King Ragnar
Build order — 烨神
First 150 of 420 actions detected
| 0:00 | Create | Villager (Male) |
| 0:01 | Create | Villager (Male) |
| 0:02 | Build | House |
| 0:03 | Build | House |
| 0:09 | Create | Villager (Male) |
| 0:16 | Create | Villager (Male) |
| 1:22 | Build | Lumber Camp |
| 1:26 | Create | Villager (Male) |
| 2:02 | Create | Villager (Male) |
| 2:18 | Create | Villager (Male) |
| 2:41 | Create | Villager (Male) |
| 3:08 | Create | Villager (Male) |
| 3:36 | Build | House |
| 3:37 | Build | House |
| 3:47 | Create | Villager (Male) |
| 4:07 | Create | Villager (Male) |
| 4:09 | Build | Mill |
| 4:12 | Create | Villager (Male) |
| 4:32 | Create | Villager (Male) |
| 5:03 | Create | Villager (Male) |
| 5:11 | Build | Farm |
| 5:28 | Create | Villager (Male) |
| 5:38 | Create | Villager (Male) |
| 5:47 | Create | Villager (Male) |
| 6:29 | Build | Farm |
| 6:42 | Build | Farm |
| 6:45 | Create | Villager (Male) |
| 6:46 | Create | Villager (Male) |
| 6:46 | Create | Villager (Male) |
| 7:17 | Build | Farm |
| 7:45 | Research | Feudal Age |
| 9:28 | Create | Villager (Male) |
| 9:28 | Create | Villager (Male) |
| 10:07 | Age | Feudal Age |
| 10:14 | Create | Villager (Male) |
| 10:16 | Build | Market |
| 10:18 | Build | Blacksmith |
| 10:27 | Build | House |
| 10:28 | Create | Villager (Male) |
| 10:53 | Build | Lumber Camp |
| 11:09 | Research | Castle Age |
| 11:51 | Research | Horse Collar |
| 12:05 | Build | Farm |
| 12:24 | Build | Farm |
| 12:45 | Create | Villager (Male) |
| 12:48 | Create | Villager (Male) |
| 13:12 | Build | Farm |
| 13:13 | Create | Villager (Male) |
| 13:49 | Age | Castle Age |
| 13:50 | Build | Town Center |
| 13:54 | Build | Town Center |
| 13:59 | Build | House |
| 14:01 | Build | House |
| 14:05 | Research | Double-Bit Axe |
| 14:21 | Build | Farm |
| 14:22 | Create | Villager (Male) |
| 15:05 | Build | Farm |
| 15:05 | Create | Villager (Male) |
| 15:10 | Create | Villager (Male) |
| 15:10 | Create | Villager (Male) |
| 15:13 | Create | Villager (Male) |
| 15:13 | Create | Villager (Male) |
| 15:13 | Create | Villager (Male) |
| 15:15 | Create | Villager (Male) ×2 |
| 15:20 | Build | Farm |
| 15:21 | Build | Farm |
| 15:36 | Build | Farm |
| 15:39 | Create | Villager (Male) |
| 15:44 | Create | Villager (Male) |
| 15:48 | Build | Farm |
| 15:55 | Build | Farm |
| 15:57 | Create | Villager (Male) |
| 16:06 | Build | Farm |
| 16:17 | Create | Villager (Male) |
| 16:18 | Create | Villager (Male) |
| 16:27 | Build | Farm |
| 16:31 | Build | Farm |
| 16:32 | Create | Villager (Male) |
| 16:39 | Create | Villager (Male) |
| 16:44 | Build | Farm |
| 16:45 | Create | Villager (Male) |
| 17:02 | Build | Farm |
| 17:03 | Create | Villager (Male) |
| 17:04 | Create | Villager (Male) |
| 17:08 | Build | Farm |
| 17:10 | Create | Villager (Male) |
| 17:23 | Build | House |
| 17:24 | Build | House |
| 17:30 | Create | Villager (Male) |
| 17:35 | Create | Villager (Male) |
| 17:44 | Build | Town Center |
| 17:47 | Create | Villager (Male) ×2 |
| 18:04 | Build | Farm |
| 18:06 | Create | Villager (Male) ×2 |
| 18:11 | Create | Villager (Male) |
| 18:16 | Build | Farm |
| 18:18 | Build | Farm |
| 18:22 | Create | Villager (Male) |
| 18:27 | Build | Farm |
| 18:37 | Create | Villager (Male) ×2 |
| 18:42 | Build | Farm |
| 18:43 | Build | Farm |
| 18:44 | Create | Villager (Male) |
| 18:48 | Build | Farm |
| 18:57 | Create | Villager (Male) |
| 19:00 | Create | Villager (Male) |
| 19:08 | Create | Villager (Male) |
| 19:10 | Build | Siege Workshop |
| 19:19 | Create | Villager (Male) ×2 |
| 19:25 | Build | House |
| 19:28 | Build | House |
| 19:31 | Create | Villager (Male) ×2 |
| 19:34 | Build | Mining Camp |
| 19:43 | Create | Villager (Male) |
| 19:49 | Build | Stone Wall |
| 19:50 | Build | Stone Wall |
| 19:57 | Create | Mangonel |
| 19:59 | Create | Villager (Male) |
| 20:04 | Build | House |
| 20:06 | Build | Stone Wall |
| 20:15 | Create | Villager (Male) ×2 |
| 20:20 | Create | Villager (Male) |
| 20:31 | Create | Villager (Male) |
| 20:35 | Build | Farm |
| 20:35 | Build | Farm |
| 20:35 | Build | Farm |
| 20:36 | Build | Farm |
| 20:36 | Build | Farm |
| 20:36 | Build | Farm |
| 20:36 | Build | Farm |
| 20:37 | Build | Farm |
| 20:37 | Build | Farm |
| 20:41 | Create | Villager (Male) ×2 |
| 20:49 | Create | Villager (Male) |
| 21:02 | Create | Villager (Male) ×2 |
| 21:12 | Build | Stone Wall |
| 21:17 | Build | Gate |
| 21:19 | Create | Villager (Male) ×3 |
| 21:23 | Build | Farm |
| 21:23 | Build | Farm |
| 21:23 | Build | Farm |
| 21:24 | Build | Farm |
| 21:24 | Build | Farm |
| 21:24 | Build | Farm |
| 21:30 | Build | House |
| 21:36 | Research | Wheelbarrow |
| 21:38 | Create | Villager (Male) |
| 21:41 | Build | Mill |
| 21:42 | Build | Farm |
| 21:42 | Build | Farm |
Build order — King Ragnar
First 150 of 475 actions detected
| 0:01 | Create | Villager (Male) |
| 0:01 | Create | Villager (Male) |
| 0:01 | Create | Villager (Male) |
| 0:02 | Create | Villager (Male) |
| 0:03 | Build | House |
| 0:04 | Build | House |
| 1:21 | Create | Villager (Male) |
| 1:48 | Create | Villager (Male) |
| 1:50 | Build | Lumber Camp |
| 2:13 | Create | Villager (Male) |
| 2:14 | Create | Villager (Male) |
| 2:39 | Create | Villager (Male) |
| 3:02 | Create | Villager (Male) |
| 3:28 | Create | Villager (Male) |
| 3:51 | Build | House |
| 3:52 | Build | House |
| 4:15 | Create | Villager (Male) |
| 4:15 | Create | Villager (Male) |
| 4:33 | Create | Villager (Male) |
| 4:33 | Create | Villager (Male) |
| 4:33 | Create | Villager (Male) |
| 4:43 | Build | House |
| 4:56 | Create | Villager (Male) |
| 4:57 | Create | Villager (Male) |
| 5:38 | Build | Mill |
| 6:23 | Create | Villager (Male) |
| 6:23 | Create | Villager (Male) |
| 6:24 | Create | Villager (Male) |
| 6:53 | Build | Farm |
| 7:16 | Build | Farm |
| 7:19 | Build | Farm |
| 7:21 | Create | Villager (Male) |
| 8:07 | Build | Mining Camp |
| 8:10 | Research | Feudal Age |
| 10:19 | Create | Villager (Male) |
| 10:20 | Create | Villager (Male) |
| 10:31 | Age | Feudal Age |
| 10:40 | Build | Market |
| 10:44 | Build | Blacksmith |
| 11:38 | Research | Castle Age |
| 11:55 | Build | Lumber Camp |
| 12:09 | Research | Double-Bit Axe |
| 12:47 | Research | Horse Collar |
| 13:23 | Create | Villager (Male) |
| 13:23 | Create | Villager (Male) |
| 13:50 | Build | Farm |
| 14:03 | Build | Farm |
| 14:18 | Age | Castle Age |
| 14:18 | Build | Town Center |
| 14:23 | Build | Town Center |
| 14:31 | Build | Monastery |
| 14:54 | Build | Farm |
| 14:56 | Create | Villager (Male) |
| 15:12 | Create | Villager (Male) |
| 15:14 | Build | Farm |
| 15:15 | Create | Monk |
| 15:22 | Build | House |
| 15:24 | Build | House |
| 15:36 | Build | Farm |
| 15:39 | Create | Villager (Male) |
| 15:39 | Create | Villager (Male) |
| 15:39 | Create | Villager (Male) |
| 15:44 | Build | Farm |
| 15:44 | Build | Farm |
| 15:45 | Build | Farm |
| 15:45 | Build | Farm |
| 15:45 | Build | Farm |
| 15:57 | Build | Farm |
| 16:00 | Create | Villager (Male) |
| 16:10 | Create | Villager (Male) |
| 16:11 | Create | Monk |
| 16:13 | Build | Farm |
| 16:26 | Create | Villager (Male) |
| 16:29 | Build | Farm |
| 16:37 | Create | Villager (Male) |
| 16:37 | Create | Villager (Male) |
| 16:41 | Build | Farm |
| 16:50 | Build | House |
| 16:54 | Create | Villager (Male) |
| 17:01 | Create | Villager (Male) |
| 17:04 | Build | Farm |
| 17:06 | Create | Villager (Male) |
| 17:19 | Create | Villager (Male) |
| 17:20 | Create | Villager (Male) |
| 17:33 | Create | Villager (Male) |
| 17:38 | Create | Villager (Male) |
| 17:44 | Build | Farm |
| 17:44 | Build | Farm |
| 17:46 | Create | Villager (Male) |
| 17:48 | Build | Farm |
| 18:04 | Create | Villager (Male) |
| 18:04 | Create | Villager (Male) |
| 18:07 | Build | Farm |
| 18:10 | Create | Villager (Male) |
| 18:22 | Create | Monk |
| 18:33 | Build | House |
| 18:34 | Build | House |
| 18:36 | Create | Villager (Male) |
| 18:36 | Create | Villager (Male) |
| 18:37 | Build | Farm |
| 18:45 | Research | Loom |
| 18:46 | Create | Villager (Male) |
| 18:47 | Create | Villager (Male) |
| 19:02 | Build | Town Center |
| 19:13 | Create | Villager (Male) |
| 19:13 | Create | Villager (Male) |
| 19:13 | Create | Villager (Male) |
| 19:16 | Build | Farm |
| 19:30 | Create | Villager (Male) |
| 19:30 | Create | Villager (Male) |
| 19:33 | Build | House |
| 19:37 | Build | House |
| 19:53 | Create | Villager (Male) |
| 19:53 | Create | Villager (Male) |
| 19:54 | Create | Villager (Male) |
| 20:03 | Build | Farm |
| 20:07 | Create | Villager (Male) |
| 20:07 | Create | Villager (Male) |
| 20:24 | Create | Villager (Male) |
| 20:24 | Create | Villager (Male) |
| 20:25 | Create | Villager (Male) |
| 20:38 | Build | Town Center |
| 20:40 | Create | Villager (Male) |
| 20:41 | Create | Villager (Male) |
| 20:41 | Create | Villager (Male) |
| 20:48 | Build | House |
| 20:49 | Build | House |
| 20:49 | Build | House |
| 20:51 | Build | House |
| 20:52 | Build | House |
| 20:54 | Create | Villager (Male) |
| 20:55 | Create | Villager (Male) |
| 21:11 | Build | Gate |
| 21:16 | Create | Villager (Male) |
| 21:16 | Create | Villager (Male) |
| 21:17 | Create | Villager (Male) |
| 21:18 | Build | Farm |
| 21:32 | Create | Villager (Male) |
| 21:32 | Create | Villager (Male) |
| 21:32 | Create | Villager (Male) |
| 21:34 | Build | Farm |
| 21:51 | Research | Gold Mining |
| 21:55 | Create | Villager (Male) |
| 21:55 | Create | Villager (Male) |
| 21:58 | Build | Farm |
| 22:19 | Create | Villager (Male) |
| 22:20 | Create | Villager (Male) |
| 22:20 | Create | Villager (Male) |
| 22:29 | Build | Farm |
| 22:29 | Build | Farm |
Build order — Skyline
First 150 of 407 actions detected
| 0:00 | Create | Villager (Male) |
| 0:00 | Create | Villager (Male) |
| 0:00 | Create | Villager (Male) |
| 0:01 | Build | House |
| 0:02 | Build | House |
| 0:33 | Create | Villager (Male) |
| 1:34 | Create | Villager (Male) |
| 1:35 | Create | Villager (Male) |
| 2:20 | Create | Villager (Male) |
| 2:29 | Create | Villager (Male) |
| 2:38 | Build | Lumber Camp |
| 3:02 | Create | Villager (Male) |
| 3:39 | Create | Villager (Male) |
| 3:40 | Create | Villager (Male) |
| 3:48 | Build | House |
| 3:49 | Build | House |
| 3:52 | Build | House |
| 3:57 | Create | Villager (Male) |
| 4:06 | Create | Villager (Male) |
| 4:35 | Create | Villager (Male) |
| 4:45 | Build | Mill |
| 5:12 | Create | Villager (Male) |
| 5:31 | Create | Villager (Male) |
| 5:41 | Create | Villager (Male) |
| 6:34 | Research | Feudal Age |
| 6:55 | Create | Villager (Male) |
| 6:56 | Research | Loom |
| 7:07 | Create | Villager (Male) |
| 7:12 | Create | Villager (Male) |
| 7:14 | Research | Loom |
| 9:15 | Age | Feudal Age |
| 9:16 | Build | Market |
| 9:18 | Build | Blacksmith |
| 9:19 | Build | House |
| 9:34 | Build | Mining Camp |
| 10:05 | Research | Castle Age |
| 11:17 | Build | House |
| 11:18 | Build | House |
| 11:19 | Build | House |
| 11:22 | Build | House |
| 11:31 | Create | Villager (Male) |
| 12:12 | Create | Villager (Male) |
| 12:45 | Age | Castle Age |
| 12:47 | Build | Siege Workshop |
| 12:49 | Build | Siege Workshop |
| 13:01 | Build | House |
| 13:03 | Build | House |
| 13:12 | Build | Palisade Wall |
| 13:14 | Build | Palisade Wall |
| 13:29 | Create | Villager (Male) |
| 13:32 | Create | Battering Ram |
| 13:56 | Create | Battering Ram |
| 13:56 | Create | Battering Ram |
| 14:18 | Create | Scorpion |
| 14:20 | Create | Scorpion |
| 14:31 | Create | Villager (Male) |
| 14:43 | Create | Scorpion |
| 14:43 | Create | Scorpion |
| 15:02 | Create | Scorpion |
| 15:29 | Create | Scorpion |
| 15:45 | Create | Scorpion |
| 15:46 | Create | Scorpion |
| 16:05 | Create | Scorpion |
| 16:06 | Create | Scorpion |
| 16:22 | Create | Villager (Male) |
| 16:22 | Create | Villager (Male) |
| 16:22 | Create | Villager (Male) |
| 17:03 | Build | Farm |
| 17:04 | Build | Farm |
| 17:04 | Build | Farm |
| 17:04 | Build | Farm |
| 17:04 | Build | Farm |
| 17:05 | Build | Farm |
| 17:28 | Build | Farm |
| 17:51 | Create | Mangonel |
| 18:07 | Create | Villager (Male) |
| 18:08 | Create | Villager (Male) |
| 18:28 | Build | Farm |
| 18:42 | Create | Villager (Male) |
| 18:42 | Create | Villager (Male) |
| 18:47 | Create | Villager (Male) |
| 18:49 | Create | Villager (Male) |
| 18:50 | Create | Villager (Male) |
| 19:14 | Create | Villager (Male) |
| 19:34 | Build | House |
| 19:36 | Build | House |
| 19:40 | Create | Villager (Male) |
| 20:04 | Build | Town Center |
| 20:09 | Create | Villager (Male) |
| 20:17 | Build | House |
| 20:19 | Create | Villager (Male) |
| 20:45 | Create | Villager (Male) |
| 20:48 | Build | House |
| 20:49 | Build | House |
| 20:50 | Build | House |
| 20:54 | Create | Villager (Male) |
| 21:17 | Build | Lumber Camp |
| 21:32 | Create | Villager (Male) |
| 21:32 | Create | Villager (Male) |
| 21:42 | Create | Villager (Male) |
| 21:48 | Build | Farm |
| 21:55 | Create | Villager (Male) |
| 22:03 | Research | Double-Bit Axe |
| 22:05 | Create | Villager (Male) |
| 22:37 | Create | Villager (Male) |
| 22:37 | Create | Villager (Male) |
| 22:50 | Build | Town Center |
| 22:54 | Build | House |
| 23:02 | Build | Farm |
| 23:08 | Build | Farm |
| 23:10 | Create | Villager (Male) |
| 23:23 | Build | Farm |
| 23:24 | Build | Farm |
| 23:25 | Build | Farm |
| 23:33 | Create | Villager (Male) |
| 23:38 | Build | Farm |
| 23:40 | Build | Farm |
| 23:44 | Create | Villager (Male) |
| 23:44 | Create | Villager (Male) |
| 23:56 | Build | House |
| 23:57 | Build | House |
| 23:58 | Build | House |
| 24:03 | Build | Farm |
| 24:03 | Build | Farm |
| 24:04 | Create | Villager (Male) |
| 24:10 | Build | Farm |
| 24:15 | Build | Farm |
| 24:16 | Build | Farm |
| 24:16 | Create | Villager (Male) |
| 24:27 | Create | Villager (Male) |
| 24:28 | Create | Villager (Male) |
| 24:43 | Build | House |
| 24:44 | Create | Villager (Male) |
| 24:47 | Build | Farm |
| 24:49 | Build | Farm |
| 24:51 | Build | Farm |
| 24:55 | Build | Farm |
| 24:55 | Build | Farm |
| 24:56 | Create | Villager (Male) |
| 24:59 | Create | Villager (Male) |
| 24:59 | Create | Villager (Male) |
| 25:04 | Create | Villager (Male) |
| 25:12 | Create | Villager (Male) |
| 25:15 | Build | Farm |
| 25:18 | Build | Farm |
| 25:19 | Build | Farm |
| 25:26 | Create | Villager (Male) |
| 25:31 | Build | House |
| 25:33 | Create | Villager (Male) |
| 25:39 | Research | Horse Collar |
Build order — wudihenjimo
First 150 of 469 actions detected
| 0:02 | Create | Villager (Male) |
| 0:02 | Create | Villager (Male) |
| 0:03 | Create | Villager (Male) |
| 0:03 | Create | Villager (Male) |
| 0:05 | Build | House |
| 0:06 | Build | House |
| 1:26 | Create | Villager (Male) |
| 1:51 | Build | Lumber Camp |
| 1:56 | Create | Villager (Male) |
| 1:56 | Create | Villager (Male) |
| 2:12 | Create | Villager (Male) |
| 2:46 | Create | Villager (Male) |
| 3:23 | Create | Villager (Male) |
| 3:23 | Create | Villager (Male) |
| 3:24 | Create | Villager (Male) |
| 3:24 | Create | Villager (Male) |
| 3:30 | Build | House |
| 3:57 | Create | Villager (Male) |
| 3:57 | Create | Villager (Male) |
| 4:04 | Build | House |
| 4:11 | Build | Mill |
| 4:55 | Create | Villager (Male) |
| 4:55 | Create | Villager (Male) |
| 5:02 | Create | Villager (Male) |
| 5:37 | Create | Villager (Male) |
| 5:57 | Create | Villager (Male) |
| 5:58 | Create | Villager (Male) |
| 6:11 | Create | Villager (Male) |
| 6:15 | Build | Farm |
| 6:23 | Create | Villager (Male) |
| 6:23 | Create | Villager (Male) |
| 6:25 | Create | Villager (Male) |
| 6:33 | Create | Villager (Male) |
| 6:33 | Create | Villager (Male) |
| 7:05 | Create | Villager (Male) |
| 7:05 | Create | Villager (Male) |
| 7:07 | Create | Villager (Male) |
| 7:32 | Build | Farm |
| 7:34 | Create | Villager (Male) |
| 7:38 | Build | Mining Camp |
| 8:36 | Build | Mining Camp |
| 8:42 | Research | Feudal Age |
| 9:30 | Build | House |
| 10:45 | Create | Villager (Male) |
| 10:46 | Create | Villager (Male) |
| 10:58 | Age | Feudal Age |
| 10:59 | Build | Market |
| 11:02 | Build | Blacksmith |
| 11:49 | Research | Castle Age |
| 12:03 | Research | Double-Bit Axe |
| 12:46 | Research | Horse Collar |
| 12:46 | Research | Horse Collar |
| 13:20 | Build | Farm |
| 14:29 | Age | Castle Age |
| 14:32 | Build | Castle |
| 14:38 | Create | Villager (Male) |
| 14:43 | Create | Villager (Male) |
| 14:47 | Build | Farm |
| 14:48 | Build | Farm |
| 14:52 | Create | Villager (Male) |
| 15:05 | Build | Farm |
| 15:08 | Create | Villager (Male) |
| 15:24 | Build | Farm |
| 15:29 | Build | Siege Workshop |
| 15:32 | Create | Samurai |
| 15:37 | Build | Farm |
| 15:45 | Build | Farm |
| 15:49 | Build | Farm |
| 15:53 | Build | Farm |
| 16:03 | Create | Samurai |
| 16:14 | Build | Gate |
| 16:21 | Build | Farm |
| 16:23 | Create | Battering Ram |
| 16:25 | Create | Villager (Male) |
| 16:26 | Create | Villager (Male) |
| 16:53 | Create | Villager (Male) |
| 17:00 | Build | Farm |
| 17:02 | Create | Villager (Male) |
| 17:18 | Create | Villager (Male) |
| 17:19 | Create | Villager (Male) |
| 17:31 | Create | Villager (Male) |
| 17:47 | Create | Mangonel |
| 17:57 | Create | Villager (Male) |
| 18:18 | Create | Villager (Male) |
| 18:27 | Build | Town Center |
| 18:30 | Create | Villager (Male) |
| 18:38 | Research | Bow Saw |
| 18:38 | Research | Bow Saw |
| 18:39 | Create | Villager (Male) |
| 19:12 | Create | Villager (Male) |
| 19:19 | Build | Monastery |
| 19:24 | Create | Villager (Male) |
| 19:34 | Create | Villager (Male) |
| 19:38 | Create | Samurai ×4 |
| 19:53 | Create | Battering Ram |
| 19:56 | Create | Samurai ×2 |
| 19:56 | Create | Samurai ×2 |
| 20:07 | Build | House |
| 20:08 | Build | House |
| 20:10 | Create | Monk |
| 20:16 | Create | Villager (Male) |
| 20:19 | Build | Lumber Camp |
| 20:29 | Create | Villager (Male) |
| 20:33 | Build | Farm |
| 20:40 | Create | Villager (Male) |
| 20:40 | Create | Villager (Male) |
| 20:43 | Build | House |
| 20:46 | Build | House |
| 20:50 | Create | Villager (Male) |
| 21:02 | Build | Farm |
| 21:04 | Create | Villager (Male) |
| 21:05 | Create | Villager (Male) |
| 21:08 | Build | House |
| 21:11 | Build | House |
| 21:20 | Create | Samurai |
| 21:29 | Build | Farm |
| 21:33 | Build | Farm |
| 21:34 | Create | Villager (Male) |
| 21:35 | Create | Villager (Male) |
| 21:37 | Build | Farm |
| 21:38 | Create | Villager (Male) |
| 21:38 | Create | Villager (Male) |
| 21:52 | Create | Battering Ram |
| 21:53 | Create | Villager (Male) |
| 21:53 | Create | Villager (Male) |
| 21:59 | Build | House |
| 22:10 | Create | Villager (Male) |
| 22:11 | Create | Monk |
| 22:13 | Create | Villager (Male) |
| 22:15 | Build | Farm |
| 22:26 | Create | Villager (Male) |
| 22:31 | Create | Villager (Male) |
| 22:44 | Create | Villager (Male) |
| 22:47 | Build | Farm |
| 22:48 | Create | Villager (Male) |
| 22:52 | Build | House |
| 22:53 | Build | House |
| 23:04 | Create | Villager (Male) |
| 23:04 | Create | Villager (Male) |
| 23:07 | Build | Farm |
| 23:10 | Create | Villager (Male) |
| 23:11 | Create | Villager (Male) |
| 23:13 | Build | Town Center |
| 23:40 | Create | Villager (Male) |
| 23:44 | Create | Villager (Male) |
| 23:44 | Create | Villager (Male) |
| 23:46 | Build | Farm |
| 23:48 | Create | Villager (Male) |
| 23:56 | Create | Villager (Male) |
| 23:58 | Build | Farm |
Build order — Don
First 150 of 363 actions detected
| 0:02 | Create | Villager (Male) |
| 0:02 | Create | Villager (Male) |
| 0:03 | Build | House |
| 0:05 | Build | House |
| 0:19 | Create | Villager (Male) |
| 0:21 | Create | Villager (Male) |
| 1:26 | Create | Villager (Male) |
| 1:26 | Create | Villager (Male) |
| 1:52 | Create | Villager (Male) |
| 2:13 | Build | Lumber Camp |
| 2:24 | Create | Villager (Male) |
| 2:24 | Create | Villager (Male) |
| 2:44 | Create | Villager (Male) |
| 2:54 | Create | Villager (Male) |
| 2:54 | Create | Villager (Male) |
| 3:25 | Build | House |
| 3:52 | Create | Villager (Male) |
| 3:52 | Create | Villager (Male) |
| 3:52 | Create | Villager (Male) |
| 4:28 | Build | Mill |
| 4:37 | Create | Villager (Male) |
| 4:37 | Create | Villager (Male) |
| 4:37 | Create | Villager (Male) |
| 5:16 | Create | Villager (Male) |
| 5:17 | Create | Villager (Male) |
| 5:34 | Create | Villager (Male) |
| 5:34 | Create | Villager (Male) |
| 5:37 | Build | House |
| 6:57 | Create | Villager (Male) |
| 6:57 | Create | Villager (Male) |
| 7:51 | Build | Mining Camp |
| 7:52 | Create | Villager (Male) |
| 8:05 | Build | Farm |
| 8:07 | Build | Farm |
| 8:11 | Create | Villager (Male) |
| 8:49 | Research | Feudal Age |
| 8:59 | Build | House |
| 9:40 | Build | Barracks |
| 9:49 | Create | Villager (Male) |
| 9:49 | Create | Villager (Male) |
| 11:02 | Age | Feudal Age |
| 11:04 | Build | Stable |
| 11:08 | Build | Blacksmith |
| 11:31 | Build | Farm |
| 11:47 | Build | Farm |
| 11:56 | Research | Castle Age |
| 11:56 | Research | Castle Age |
| 12:17 | Research | Double-Bit Axe |
| 12:21 | Build | Farm |
| 12:24 | Build | Farm |
| 12:43 | Build | Farm |
| 12:49 | Create | Spearman |
| 12:58 | Build | House |
| 13:01 | Research | Horse Collar |
| 13:11 | Build | Farm |
| 13:25 | Build | House |
| 13:42 | Research | Gold Mining |
| 14:23 | Build | House |
| 14:36 | Age | Castle Age |
| 14:41 | Build | Siege Workshop |
| 14:43 | Create | Villager (Male) |
| 14:44 | Create | Knight |
| 14:50 | Create | Knight |
| 14:57 | Research | Bow Saw |
| 15:14 | Create | Villager (Male) |
| 15:30 | Create | Battering Ram |
| 16:00 | Build | House |
| 16:01 | Create | Villager (Male) |
| 16:13 | Create | Villager (Male) |
| 16:19 | Create | Knight |
| 16:24 | Create | Villager (Male) |
| 16:29 | Build | House |
| 16:49 | Create | Mangonel |
| 16:50 | Create | Mangonel |
| 16:58 | Create | Villager (Male) |
| 17:16 | Create | Villager (Male) |
| 17:18 | Create | Knight |
| 17:21 | Create | Villager (Male) |
| 17:31 | Build | Town Center |
| 17:38 | Build | House |
| 17:39 | Build | House |
| 17:58 | Build | Farm |
| 18:03 | Build | Farm |
| 18:10 | Create | Battering Ram |
| 18:17 | Create | Villager (Male) |
| 18:17 | Create | Villager (Male) |
| 18:25 | Research | Loom |
| 18:29 | Build | Farm |
| 18:50 | Create | Villager (Male) |
| 18:51 | Create | Villager (Male) |
| 18:51 | Create | Villager (Male) |
| 18:54 | Build | Farm |
| 19:06 | Create | Knight |
| 19:08 | Create | Villager (Male) |
| 19:08 | Create | Villager (Male) |
| 19:16 | Build | House |
| 19:18 | Build | House |
| 19:32 | Create | Villager (Male) |
| 19:38 | Create | Battering Ram |
| 19:40 | Create | Knight |
| 19:49 | Build | Farm |
| 19:58 | Build | Farm |
| 19:59 | Create | Villager (Male) |
| 19:59 | Create | Villager (Male) |
| 19:59 | Create | Villager (Male) |
| 20:22 | Create | Villager (Male) |
| 20:26 | Build | Farm |
| 20:28 | Build | Farm |
| 20:30 | Build | Farm |
| 20:32 | Create | Villager (Male) |
| 20:32 | Create | Villager (Male) |
| 20:37 | Create | Villager (Male) |
| 21:02 | Build | Stable |
| 21:03 | Create | Knight |
| 21:14 | Create | Villager (Male) |
| 21:15 | Create | Villager (Male) |
| 21:17 | Create | Knight |
| 21:27 | Build | Farm |
| 21:38 | Create | Battering Ram |
| 21:57 | Research | Wheelbarrow |
| 22:12 | Build | Market |
| 22:16 | Research | Scale Barding Armor |
| 22:38 | Build | Farm |
| 22:40 | Build | Farm |
| 22:43 | Create | Villager (Male) |
| 22:43 | Create | Villager (Male) |
| 22:49 | Build | Outpost |
| 22:51 | Create | Villager (Male) |
| 22:51 | Create | Villager (Male) |
| 23:04 | Create | Mangonel |
| 23:07 | Create | Villager (Male) |
| 23:07 | Create | Villager (Male) |
| 23:55 | Create | Villager (Male) |
| 23:55 | Create | Villager (Male) |
| 24:01 | Create | Villager (Male) |
| 24:01 | Create | Villager (Male) |
| 24:05 | Research | Husbandry |
| 24:11 | Build | Farm |
| 24:19 | Create | Mangonel |
| 24:20 | Create | Villager (Male) |
| 24:20 | Create | Villager (Male) |
| 24:30 | Build | Town Center |
| 24:42 | Research | Chain Barding Armor |
| 24:42 | Research | Chain Barding Armor |
| 24:45 | Create | Knight |
| 24:50 | Create | Knight |
| 24:51 | Create | Knight |
| 24:53 | Create | Villager (Male) |
| 24:55 | Build | Farm |
| 25:01 | Build | Lumber Camp |
Build order — BYS
First 150 of 397 actions detected
| 0:14 | Research | Loom |
| 0:57 | Create | Villager (Male) |
| 0:58 | Create | Villager (Male) |
| 0:58 | Create | Villager (Male) |
| 1:38 | Create | Villager (Male) |
| 1:38 | Create | Villager (Male) |
| 2:06 | Create | Villager (Male) |
| 2:06 | Create | Villager (Male) |
| 2:09 | Build | Lumber Camp |
| 2:35 | Create | Villager (Male) |
| 2:35 | Create | Villager (Male) |
| 3:09 | Create | Villager (Male) |
| 3:10 | Create | Villager (Male) |
| 3:44 | Create | Villager (Male) |
| 3:44 | Create | Villager (Male) |
| 3:44 | Create | Villager (Male) |
| 4:04 | Create | Villager (Male) |
| 4:05 | Create | Villager (Male) |
| 4:05 | Create | Villager (Male) |
| 4:12 | Build | House |
| 4:13 | Build | House |
| 4:42 | Create | Villager (Male) |
| 4:42 | Create | Villager (Male) |
| 4:54 | Create | Villager (Male) |
| 4:54 | Create | Villager (Male) |
| 4:55 | Create | Villager (Male) |
| 4:55 | Create | Villager (Male) |
| 5:00 | Build | Mill |
| 5:18 | Build | House |
| 5:31 | Create | Villager (Male) |
| 5:31 | Create | Villager (Male) |
| 5:31 | Create | Villager (Male) |
| 5:50 | Create | Villager (Male) |
| 5:51 | Create | Villager (Male) |
| 5:51 | Create | Villager (Male) |
| 6:41 | Create | Villager (Male) |
| 6:41 | Create | Villager (Male) |
| 6:41 | Create | Villager (Male) |
| 7:20 | Create | Villager (Male) |
| 7:20 | Create | Villager (Male) |
| 7:20 | Create | Villager (Male) |
| 8:17 | Create | Villager (Male) |
| 8:17 | Create | Villager (Male) |
| 8:17 | Create | Villager (Male) |
| 8:55 | Build | Mining Camp |
| 9:20 | Research | Feudal Age |
| 10:36 | Create | Villager (Male) |
| 10:37 | Create | Villager (Male) |
| 10:44 | Build | House |
| 11:17 | Build | Farm |
| 11:18 | Build | Farm |
| 11:20 | Build | Farm |
| 11:38 | Build | Farm |
| 11:39 | Build | Farm |
| 11:41 | Build | Farm |
| 11:52 | Age | Feudal Age |
| 12:01 | Build | Blacksmith |
| 12:09 | Build | Market |
| 12:38 | Create | Villager (Male) |
| 12:45 | Build | Farm |
| 13:11 | Research | Castle Age |
| 13:18 | Build | Farm |
| 13:19 | Build | Farm |
| 13:40 | Build | Farm |
| 14:18 | Build | Farm |
| 14:27 | Research | Double-Bit Axe |
| 15:00 | Create | Villager (Male) |
| 15:05 | Create | Villager (Male) |
| 15:51 | Age | Castle Age |
| 15:53 | Build | Town Center |
| 15:59 | Build | Town Center |
| 16:02 | Create | Villager (Male) |
| 16:19 | Build | Farm |
| 16:32 | Create | Villager (Male) |
| 16:44 | Build | Farm |
| 16:47 | Create | Villager (Male) |
| 16:52 | Build | House |
| 16:54 | Build | House |
| 16:55 | Build | House |
| 17:02 | Research | Bow Saw |
| 17:16 | Build | Farm |
| 17:24 | Create | Villager (Male) |
| 17:24 | Create | Villager (Male) |
| 17:33 | Create | Villager (Male) |
| 17:33 | Create | Villager (Male) |
| 17:41 | Build | Farm |
| 17:47 | Create | Villager (Male) |
| 17:53 | Create | Villager (Male) |
| 17:58 | Create | Villager (Male) |
| 18:18 | Build | Farm |
| 18:21 | Create | Villager (Male) |
| 18:23 | Create | Villager (Male) |
| 18:25 | Create | Villager (Male) |
| 18:26 | Build | Farm |
| 18:27 | Create | Villager (Male) |
| 18:30 | Build | Farm |
| 18:36 | Build | House |
| 18:37 | Build | House |
| 18:39 | Build | House |
| 18:41 | Create | Villager (Male) |
| 18:43 | Build | Farm |
| 18:51 | Build | Farm |
| 18:53 | Create | Villager (Male) |
| 19:12 | Create | Villager (Male) |
| 19:13 | Create | Villager (Male) |
| 19:14 | Create | Villager (Male) |
| 19:17 | Build | Farm |
| 19:22 | Create | Villager (Male) |
| 19:32 | Create | Villager (Male) |
| 19:33 | Create | Villager (Male) |
| 19:36 | Build | Farm |
| 19:41 | Create | Villager (Male) |
| 19:44 | Build | Farm |
| 19:48 | Create | Villager (Male) |
| 19:53 | Create | Villager (Male) |
| 19:55 | Research | Horse Collar |
| 20:11 | Build | Farm |
| 20:12 | Build | Farm |
| 20:14 | Build | Farm |
| 20:18 | Research | Heavy Plow |
| 20:23 | Build | House |
| 20:24 | Build | House |
| 20:25 | Build | House |
| 20:27 | Create | Villager (Male) |
| 20:30 | Create | Villager (Male) |
| 20:33 | Build | Farm |
| 20:35 | Create | Villager (Male) |
| 20:44 | Build | Farm |
| 20:51 | Create | Villager (Male) |
| 20:59 | Create | Villager (Male) |
| 20:59 | Create | Villager (Male) |
| 20:59 | Create | Villager (Male) |
| 21:03 | Create | Villager (Male) |
| 21:03 | Create | Villager (Male) |
| 21:06 | Create | Villager (Male) |
| 21:08 | Build | Farm |
| 21:29 | Build | Farm |
| 21:35 | Build | Lumber Camp |
| 21:47 | Create | Villager (Male) |
| 21:56 | Build | Monastery |
| 22:03 | Create | Villager (Male) |
| 22:05 | Create | Villager (Male) |
| 22:07 | Create | Villager (Male) |
| 22:25 | Build | Farm |
| 23:01 | Build | University |
| 23:07 | Create | Villager (Male) |
| 23:07 | Create | Villager (Male) |
| 23:09 | Create | Villager (Male) |
| 23:09 | Create | Villager (Male) |
| 23:10 | Create | Villager (Male) |
Build order — ultimater賢賢
First 150 of 387 actions detected
| 0:01 | Create | Villager (Male) |
| 0:01 | Create | Villager (Male) |
| 0:02 | Build | House |
| 0:03 | Build | House |
| 0:04 | Create | Villager (Male) |
| 0:33 | Create | Villager (Male) |
| 0:33 | Create | Villager (Male) |
| 1:31 | Create | Villager (Male) |
| 2:05 | Create | Villager (Male) |
| 2:17 | Build | Lumber Camp |
| 2:25 | Create | Villager (Male) |
| 2:57 | Create | Villager (Male) |
| 2:57 | Create | Villager (Male) |
| 3:04 | Build | House |
| 3:05 | Build | House |
| 3:21 | Create | Villager (Male) |
| 3:21 | Create | Villager (Male) |
| 3:43 | Create | Villager (Male) |
| 4:04 | Create | Villager (Male) |
| 4:05 | Create | Villager (Male) |
| 4:47 | Build | Mill |
| 5:01 | Create | Villager (Male) |
| 5:01 | Create | Villager (Male) |
| 5:01 | Create | Villager (Male) |
| 5:54 | Create | Villager (Male) |
| 6:34 | Create | Villager (Male) |
| 6:34 | Create | Villager (Male) |
| 6:34 | Create | Villager (Male) |
| 6:34 | Create | Villager (Male) |
| 6:35 | Create | Villager (Male) |
| 6:53 | Build | Farm |
| 6:58 | Build | Farm |
| 7:02 | Build | Farm |
| 7:24 | Build | House |
| 7:25 | Build | House |
| 8:09 | Research | Feudal Age |
| 8:27 | Build | Mining Camp |
| 9:34 | Create | Villager (Male) |
| 9:34 | Create | Villager (Male) |
| 10:32 | Age | Feudal Age |
| 10:35 | Build | Market |
| 11:00 | Build | Blacksmith |
| 11:01 | Create | Villager (Male) |
| 11:40 | Research | Castle Age |
| 11:48 | Research | Double-Bit Axe |
| 11:51 | Build | Farm |
| 12:05 | Build | Farm |
| 13:21 | Create | Villager (Male) |
| 13:25 | Research | Horse Collar |
| 13:34 | Build | Barracks |
| 13:51 | Build | Farm |
| 14:08 | Build | Stable |
| 14:20 | Age | Castle Age |
| 14:26 | Create | Villager (Male) |
| 14:27 | Research | Bow Saw |
| 14:37 | Research | Scale Barding Armor |
| 14:46 | Build | Stable |
| 14:53 | Research | Bloodlines |
| 15:09 | Build | Farm |
| 15:23 | Create | Villager (Male) |
| 15:32 | Create | Unit 1944 |
| 15:38 | Build | Farm |
| 15:48 | Create | Unit 1944 |
| 15:51 | Create | Villager (Male) |
| 15:56 | Build | Farm |
| 16:11 | Create | Villager (Male) |
| 16:21 | Create | Unit 1944 |
| 16:21 | Create | Unit 1944 |
| 16:31 | Create | Villager (Male) |
| 16:31 | Create | Villager (Male) |
| 16:32 | Create | Villager (Male) |
| 17:02 | Create | Unit 1944 |
| 17:02 | Create | Unit 1944 |
| 17:04 | Create | Villager (Male) |
| 17:04 | Create | Villager (Male) |
| 17:08 | Build | Town Center |
| 17:14 | Build | House |
| 17:17 | Build | House |
| 17:17 | Build | House |
| 17:32 | Create | Villager (Male) |
| 17:32 | Create | Villager (Male) |
| 17:46 | Create | Villager (Male) |
| 17:58 | Build | Farm |
| 18:00 | Build | Farm |
| 18:23 | Build | Farm |
| 18:30 | Create | Villager (Male) |
| 18:31 | Create | Villager (Male) |
| 18:37 | Build | Farm |
| 18:37 | Build | Farm |
| 18:37 | Build | Farm |
| 18:37 | Build | Farm |
| 18:38 | Build | Farm |
| 18:42 | Create | Villager (Male) |
| 18:42 | Create | Villager (Male) |
| 18:44 | Create | Villager (Male) |
| 19:06 | Build | Farm |
| 19:23 | Create | Unit 1944 |
| 19:27 | Create | Unit 1944 |
| 19:30 | Build | Farm |
| 19:33 | Create | Villager (Male) |
| 19:48 | Create | Villager (Male) |
| 19:49 | Create | Villager (Male) |
| 19:54 | Build | Farm |
| 19:57 | Build | Farm |
| 20:23 | Create | Villager (Male) |
| 20:23 | Create | Villager (Male) |
| 20:37 | Create | Villager (Male) |
| 20:38 | Create | Villager (Male) |
| 20:39 | Create | Unit 1944 |
| 20:47 | Create | Unit 1944 |
| 20:54 | Build | Farm |
| 20:57 | Build | Farm |
| 21:07 | Create | Villager (Male) |
| 21:07 | Create | Villager (Male) |
| 21:33 | Create | Villager (Male) |
| 21:34 | Create | Villager (Male) |
| 21:42 | Build | House |
| 21:44 | Build | House |
| 21:58 | Build | Farm |
| 21:59 | Build | Farm |
| 21:59 | Build | Farm |
| 21:59 | Build | Farm |
| 21:59 | Build | Farm |
| 22:13 | Create | Villager (Male) |
| 22:14 | Create | Villager (Male) |
| 22:36 | Create | Unit 1944 |
| 22:37 | Create | Unit 1944 |
| 22:40 | Build | Farm |
| 22:42 | Build | Mill |
| 22:44 | Create | Villager (Male) |
| 22:44 | Create | Villager (Male) |
| 22:53 | Build | Town Center |
| 23:02 | Create | Unit 1944 |
| 23:02 | Create | Unit 1944 |
| 23:36 | Create | Unit 1944 |
| 23:38 | Build | Farm |
| 23:39 | Create | Villager (Male) |
| 23:39 | Create | Villager (Male) |
| 23:40 | Create | Villager (Male) |
| 24:27 | Create | Villager (Male) ×5 |
| 24:27 | Create | Villager (Male) ×5 |
| 24:30 | Build | Farm |
| 24:34 | Build | Lumber Camp |
| 24:36 | Build | Farm |
| 24:42 | Build | Farm |
| 24:42 | Build | Farm |
| 24:42 | Build | Farm |
| 25:15 | Create | Villager (Male) |
| 25:15 | Create | Villager (Male) |
| 25:22 | Create | Unit 1944 |
Build order — AI (CD version)
First 150 of 463 actions detected
| 0:00 | Create | Villager (Male) |
| 0:00 | Create | Villager (Male) |
| 0:03 | Build | House |
| 0:05 | Build | House |
| 0:07 | Create | Villager (Male) |
| 0:08 | Create | Villager (Male) |
| 1:24 | Create | Villager (Male) |
| 1:24 | Create | Villager (Male) |
| 1:58 | Create | Villager (Male) |
| 2:12 | Create | Villager (Male) |
| 2:43 | Create | Villager (Male) |
| 2:47 | Build | Lumber Camp |
| 2:57 | Create | Villager (Male) |
| 2:57 | Create | Villager (Male) |
| 3:30 | Create | Villager (Male) |
| 3:51 | Build | House |
| 3:51 | Create | Villager (Male) |
| 3:52 | Create | Villager (Male) |
| 4:13 | Build | House |
| 4:14 | Build | House |
| 4:18 | Build | Mill |
| 4:37 | Create | Villager (Male) |
| 4:37 | Create | Villager (Male) |
| 5:10 | Create | Villager (Male) |
| 5:20 | Create | Villager (Male) |
| 5:21 | Create | Villager (Male) |
| 5:23 | Create | Villager (Male) |
| 5:25 | Create | Villager (Male) |
| 6:05 | Create | Villager (Male) |
| 6:21 | Create | Villager (Male) |
| 6:21 | Create | Villager (Male) |
| 6:33 | Create | Villager (Male) |
| 6:57 | Build | Mining Camp |
| 7:00 | Create | Villager (Male) |
| 7:16 | Create | Villager (Male) |
| 8:29 | Build | Farm |
| 8:39 | Create | Villager (Male) |
| 9:02 | Create | Villager (Male) |
| 9:30 | Build | Mining Camp |
| 9:49 | Create | Villager (Male) |
| 9:53 | Research | Feudal Age |
| 10:31 | Build | Barracks |
| 10:41 | Build | Farm |
| 10:43 | Build | Farm |
| 10:49 | Create | Villager (Male) |
| 10:50 | Create | Villager (Male) |
| 10:52 | Research | Loom |
| 11:33 | Build | House |
| 11:45 | Build | Farm |
| 12:20 | Age | Feudal Age |
| 12:21 | Build | Blacksmith |
| 12:24 | Build | Market |
| 12:27 | Create | Spearman |
| 13:22 | Research | Castle Age |
| 13:22 | Research | Castle Age |
| 13:50 | Create | Villager (Male) |
| 14:08 | Build | Stone Wall |
| 15:02 | Create | Villager (Male) |
| 16:02 | Age | Castle Age |
| 16:03 | Build | Castle |
| 16:42 | Create | Gbeto |
| 16:42 | Create | Gbeto |
| 16:42 | Create | Gbeto |
| 16:43 | Create | Gbeto |
| 16:43 | Create | Gbeto |
| 17:18 | Build | Town Center |
| 17:45 | Build | Town Center |
| 18:00 | Create | Petard |
| 18:00 | Create | Petard |
| 18:10 | Build | Stone Wall |
| 18:14 | Create | Villager (Male) |
| 18:15 | Build | Farm |
| 18:16 | Build | Farm |
| 18:17 | Build | Farm |
| 18:17 | Create | Villager (Male) |
| 18:25 | Build | Mill |
| 19:30 | Build | House |
| 19:39 | Create | Petard |
| 19:41 | Build | Farm |
| 19:43 | Build | Farm |
| 19:43 | Build | Farm |
| 19:44 | Build | Farm |
| 20:25 | Create | Gbeto |
| 20:26 | Create | Gbeto |
| 20:31 | Build | Farm |
| 20:33 | Build | Farm |
| 20:33 | Build | Farm |
| 20:43 | Create | Villager (Male) ×2 |
| 20:53 | Create | Villager (Male) |
| 21:24 | Build | Farm |
| 21:25 | Build | Farm |
| 21:26 | Create | Villager (Male) |
| 21:47 | Create | Villager (Male) ×3 |
| 21:56 | Build | Farm |
| 21:57 | Build | Farm |
| 21:59 | Build | Farm |
| 22:14 | Create | Gbeto |
| 22:14 | Create | Gbeto |
| 22:14 | Create | Gbeto |
| 22:40 | Create | Villager (Male) |
| 22:42 | Build | Farm |
| 22:43 | Build | Farm |
| 22:44 | Create | Villager (Male) |
| 22:46 | Build | Farm |
| 22:46 | Build | Farm |
| 22:46 | Build | Farm |
| 23:13 | Create | Villager (Male) |
| 23:33 | Create | Villager (Male) |
| 23:40 | Create | Villager (Male) |
| 23:40 | Create | Villager (Male) |
| 23:56 | Create | Villager (Male) |
| 24:02 | Build | Town Center |
| 24:38 | Create | Villager (Male) ×3 |
| 24:42 | Build | Farm |
| 24:43 | Build | Farm |
| 24:43 | Build | Farm |
| 24:44 | Build | Farm |
| 24:45 | Create | Villager (Male) |
| 24:45 | Create | Villager (Male) |
| 25:06 | Build | Farm |
| 25:07 | Build | Farm |
| 25:08 | Create | Villager (Male) |
| 25:12 | Build | Farm |
| 25:12 | Create | Villager (Male) |
| 25:17 | Create | Villager (Male) ×2 |
| 25:17 | Create | Villager (Male) ×2 |
| 25:20 | Build | Lumber Camp |
| 25:24 | Research | Double-Bit Axe |
| 25:36 | Create | Villager (Male) ×2 |
| 25:36 | Create | Villager (Male) ×2 |
| 25:48 | Create | Villager (Male) |
| 25:50 | Create | Villager (Male) |
| 25:57 | Research | Horse Collar |
| 25:57 | Research | Horse Collar |
| 25:58 | Create | Villager (Male) |
| 25:58 | Create | Villager (Male) |
| 26:09 | Create | Villager (Male) |
| 26:09 | Create | Villager (Male) |
| 26:11 | Build | Farm |
| 26:12 | Build | Farm |
| 26:13 | Create | Villager (Male) |
| 26:13 | Create | Villager (Male) |
| 26:20 | Research | Wheelbarrow |
| 26:21 | Create | Villager (Male) |
| 26:22 | Create | Villager (Male) |
| 26:22 | Create | Villager (Male) |
| 26:24 | Build | Farm |
| 26:33 | Create | Villager (Male) |
| 26:42 | Create | Villager (Male) |
| 26:46 | Create | Villager (Male) |
Match timeline
| 9:15 | Skyline · age_up feudal |
| 9:40 | Don · first_building Barracks |
| 10:04 | Skyline · first_market_sell 100 stone |
| 10:07 | 烨神 · age_up feudal |
| 10:31 | King Ragnar · age_up feudal |
| 10:31 | AI (CD version) · first_building Barracks |
| 10:32 | ultimater賢賢 · age_up feudal |
| 10:58 | wudihenjimo · age_up feudal |
| 11:02 | Don · age_up feudal |
| 11:04 | Don · first_building Stable |
| 11:08 | 烨神 · first_market_sell 100 wood |
| 11:52 | BYS · age_up feudal |
| 12:20 | AI (CD version) · age_up feudal |
| 12:45 | Skyline · age_up castle |
| 12:47 | Skyline · first_building Siege Workshop |
| 13:12 | Skyline · wall_segment Palisade Wall x1 |
| 13:14 | Skyline · wall_segment Palisade Wall x1 |
| 13:34 | ultimater賢賢 · first_building Barracks |
| 13:49 | 烨神 · age_up castle |
| 14:08 | ultimater賢賢 · first_building Stable |
| 14:08 | AI (CD version) · wall_segment Stone Wall x11 |
| 14:18 | King Ragnar · age_up castle |
| 14:20 | ultimater賢賢 · age_up castle |
| 14:29 | wudihenjimo · age_up castle |
| 14:31 | King Ragnar · first_building Monastery |
| 14:32 | wudihenjimo · first_building Castle |
| 14:36 | Don · age_up castle |
| 14:41 | Don · first_building Siege Workshop |
| 15:29 | ultimater賢賢 · first_market_sell 100 stone |
| 15:29 | wudihenjimo · first_building Siege Workshop |
| 15:30 | ultimater賢賢 · first_market_buy 100 food |
| 15:51 | BYS · age_up castle |
| 16:02 | AI (CD version) · age_up castle |
| 16:03 | AI (CD version) · first_building Castle |
| 16:21 | Skyline · first_market_buy 100 food |
| 17:29 | wudihenjimo · first_market_buy 100 wood |
| 18:10 | AI (CD version) · wall_segment Stone Wall x1 |
| 19:10 | 烨神 · first_building Siege Workshop |
| 19:15 | AI (CD version) · first_market_sell 100 stone |
| 19:19 | wudihenjimo · first_building Monastery |
| 19:49 | 烨神 · wall_segment Stone Wall x10 |
| 19:50 | 烨神 · wall_segment Stone Wall x1 |
| 20:06 | 烨神 · wall_segment Stone Wall x1 |
| 20:43 | AI (CD version) · first_market_buy 100 food |
| 21:12 | 烨神 · wall_segment Stone Wall x1 |
| 21:56 | BYS · first_building Monastery |
| 22:53 | King Ragnar · first_building Siege Workshop |
| 24:07 | BYS · first_market_sell 100 wood |
| 24:09 | BYS · first_market_buy 100 food |
| 24:40 | Don · first_market_buy 100 food |
| 24:47 | BYS · first_building Barracks |
| 24:53 | King Ragnar · first_market_buy 100 food |
| 26:31 | BYS · wall_segment Stone Wall x4 |
| 26:42 | 烨神 · first_building Castle |
| 26:51 | BYS · first_building Castle |
| 27:06 | BYS · wall_segment Stone Wall x3 |
| 27:26 | 烨神 · first_building Barracks |
| 27:32 | BYS · age_up imperial |
| 28:11 | 烨神 · first_building Archery Range |
| 28:34 | BYS · first_building Archery Range |
| 28:35 | 烨神 · age_up imperial |
| 28:36 | King Ragnar · first_building Castle |
| 29:03 | ultimater賢賢 · first_building Siege Workshop |
| 29:41 | King Ragnar · wall_segment Stone Wall x2 |
| 30:19 | AI (CD version) · first_building Siege Workshop |
| 30:32 | wudihenjimo · first_market_sell 100 wood |
| 30:54 | wudihenjimo · age_up imperial |
| 30:54 | King Ragnar · first_building Barracks |
| 31:23 | Don · first_building Castle |
| 31:33 | wudihenjimo · first_building Barracks |
| 32:26 | 烨神 · tribute_sent a jugador 1 |
| 32:26 | 烨神 · tribute_sent a jugador 2 |
| 32:26 | 烨神 · tribute_sent a jugador 3 |
| 32:26 | 烨神 · tribute_sent a jugador 4 |
| 32:26 | 烨神 · tribute_sent a jugador 5 |
| 32:26 | 烨神 · tribute_sent a jugador 7 |
| 32:26 | 烨神 · tribute_sent a jugador 8 |
| 32:32 | King Ragnar · age_up imperial |
| 32:37 | 烨神 · tribute_sent a jugador 1 |
| 32:37 | 烨神 · tribute_sent a jugador 2 |
| 32:37 | 烨神 · tribute_sent a jugador 3 |
| 32:37 | 烨神 · tribute_sent a jugador 4 |
| 32:37 | 烨神 · tribute_sent a jugador 5 |
| 32:37 | 烨神 · tribute_sent a jugador 7 |
| 32:37 | 烨神 · tribute_sent a jugador 8 |
| 32:39 | Skyline · first_building Castle |
| 32:48 | 烨神 · first_building Stable |
| 33:02 | ultimater賢賢 · age_up imperial |
| 33:30 | BYS · first_building Siege Workshop |
| 34:17 | ultimater賢賢 · first_building Castle |
| 34:22 | Don · age_up imperial |
| 34:37 | AI (CD version) · age_up imperial |
| 34:48 | Skyline · age_up imperial |
| 37:34 | Don · wall_segment Palisade Wall x1 |
| 37:35 | Don · wall_segment Palisade Wall x1 |
| 38:27 | 烨神 · tribute_sent a jugador 1 |
| 38:27 | 烨神 · tribute_sent a jugador 2 |
| 38:27 | 烨神 · tribute_sent a jugador 3 |
| 38:27 | 烨神 · tribute_sent a jugador 4 |
| 38:27 | 烨神 · tribute_sent a jugador 5 |
| 38:27 | 烨神 · tribute_sent a jugador 7 |
| 38:27 | 烨神 · tribute_sent a jugador 8 |
| 39:47 | Skyline · first_building Barracks |
| 40:00 | Skyline · tribute_sent a jugador 1 |
| 40:00 | Skyline · tribute_sent a jugador 3 |
| 40:00 | Skyline · tribute_sent a jugador 4 |
| 40:00 | Skyline · tribute_sent a jugador 5 |
| 40:00 | Skyline · tribute_sent a jugador 6 |
| 40:00 | Skyline · tribute_sent a jugador 7 |
| 40:00 | Skyline · tribute_sent a jugador 8 |
| 41:34 | Skyline · first_building Stable |
| 42:27 | Skyline · tribute_sent a jugador 1 |
| 42:27 | Skyline · tribute_sent a jugador 3 |
| 42:27 | Skyline · tribute_sent a jugador 4 |
| 42:27 | Skyline · tribute_sent a jugador 5 |
| 42:27 | Skyline · tribute_sent a jugador 6 |
| 42:27 | Skyline · tribute_sent a jugador 7 |
| 42:27 | Skyline · tribute_sent a jugador 8 |
| 42:31 | Skyline · first_building Archery Range |
| 42:35 | BYS · wall_segment Stone Wall x2 |
| 44:31 | Don · resign |
[ AI ANALYSIS · 1 CREDIT ]
What really happened in this match?
Wolo.gg analyzes every decision: build order, eco, micro, common mistakes by bracket. Personalized analysis on WhatsApp or Discord in 30 seconds.
Civ guide
Dravidians
Perfil
Jugador #22090321